 Dungeon Crawl Stone Soup version 0.31-a0-142-g31f6795574 (webtiles) character file.

Game seed: 10646087320094168167

2527 mindmajick the Twirler (level 9, -10/68 HPs)
             Began as a Demonspawn Gladiator on June 3, 2023.
             Was a Follower of Ashenzari.
             Killed from afar by Maggie (23 damage)
             ... with a bolt of fire
             ... on level 8 of the Dungeon on June 4, 2023.
             The game lasted 00:21:38 (6571 turns).

mindmajick the Twirler (Demonspawn Gladiator)       Turns: 6571, Time: 00:21:39

Health: -10/68     AC:  6    Str: 21    XL:     9   Next: 29%
Magic:  11/11      EV: 14    Int: 12    God:    Ashenzari [*.....]
Gold:   866        SH:  0    Dex: 16    Spells: 11/11 levels left

rFire   . . .        m - +4 lajatang (elec)
rCold   . . .        (shield currently unavailable)
rNeg    . . .        b - +0 leather armour
rPois   .            c - +1 helmet of the Ruined Submission {Range, Self} (curse)
rElec   .            u - scarf {+Inv}
rCorr   .            (no gloves)
SInv    .            x - +0 pair of boots
Will    .....        (no amulet)
Stlth   ++           g - ring of the Chained Paranoia {Str+6, Range, Elem} (curse)
HPRegen 0.31/turn    i - ring of flight
MPRegen 0.12/turn

%: no passive effects
@: mighty, flying, mesmerised
A: hooves 2, spiny 1
a: Renounce Religion, Evoke Invisibility, Shatter the Chains


You were on level 8 of the Dungeon.
You worshipped Ashenzari.
Ashenzari was aware of your devotion.
You visited 2 branches of the dungeon, and saw 9 of its levels.

You collected 866 gold pieces.

Inventory:

Hand Weapons
 m - a +4 lajatang of electrocution (weapon)
Missiles
 a - 7 boomerangs (quivered)
 z - 3 poisoned darts
Armour
 b - a +0 leather armour (worn)
 c - the cursed +1 helmet of the Ruined Submission (worn) {Range, Self}

   It has a curse which improves the following skills: Ranged Combat: Ranged
   Weapons and Throwing.
   Introspection: Fighting and Spellcasting.
 f - a +0 cloak
 u - a scarf of invisibility (worn)
 x - a +0 pair of boots (worn)
Jewellery
 g - the cursed ring of the Chained Paranoia (left hand) {Str+6, Range, Elem}
   (You found it on level 1 of the Dungeon)

   [ring of strength]

   Str:       It affects your strength (+6).
   It has a curse which improves the following skills: Ranged Combat: Ranged
   Weapons and Throwing.
   Elements:  Fire Magic, Ice Magic, Air Magic and Earth Magic.
 i - a ring of flight (right hand)
 q - a ring of magical power
 s - an amulet of regeneration
 A - an amulet of guardian spirit
 B - a ring of poison resistance
Wands
 o - a wand of digging (9)
 v - a wand of roots (3)
Scrolls
 e - a scroll of vulnerability
 j - a scroll of amnesia
 w - 3 scrolls of identify
 y - a scroll of poison
Potions
 d - a potion of degeneration
 h - 3 potions of lignification
 k - a potion of invisibility
 l - a potion of cancellation
 n - a potion of attraction
 p - 3 potions of brilliance
 r - 3 potions of curing


   Skills:
 * Level 4.7(5.5) Fighting
 + Level 1.1(5.0) Maces & Flails
 * Level 7.9(8.0) Staves
 * Level 4.3(5.4) Throwing
 * Level 3.8 Armour
 * Level 5.1 Dodging
 + Level 2.1 Stealth
 * Level 1.2(1.8) Spellcasting


You had 11 spell levels left.
You didn't know any spells.
Your spell library contained the following spells:

 Spells                   Type           Power      Damage    Failure   Level
 Sandblast                Erth           2%         2d4       30%         1
 Beastly Appendage        Tmut           2%         N/A       32%         1
 Necrotise                Necr           4%         1d4       32%         1
 Passwall                 Tmut/Erth      0%         N/A       43%         2
 Wereblood                Tmut           1%         N/A       43%         2
 Inner Flame              Hex/Fire       1%         N/A       67%         3
 Spider Form              Tmut/Pois      1%         N/A       67%         3
 Stone Arrow              Conj/Erth      2%         3d7       67%         3
 Vampiric Draining        Necr           1%         2d6       67%         3
 Animate Armour           Summ/Erth      2%         N/A       97%         4
 Flame Wave               Conj/Fire      1%         2d4       97%         4
 Sticky Flame             Conj/Fire      1%         2d3       97%         4
 Summon Ice Beast         Ice/Summ       1%         N/A       97%         4
 Agony                    Necr           1%         N/A       100%        5
 Summon Mana Viper        Hex/Summ       1%         N/A       100%        5
 Monstrous Menagerie      Summ           0%         N/A       100%        7
 Lehudib's Crystal Spear  Conj/Erth      0%         10d2      100%        8


Dungeon Overview and Level Annotations

Branches:
Dungeon (8/15)             Temple (1/1) D:6
   Lair: D:8-11

Altars:
Ashenzari
Cheibriados
Dithmenos
Fedhas
Gozag
Hepliaklqana
Kikubaaqudgha
Makhleb
Nemelex Xobeh
Okawaru
Qazlal
Ru
Sif Muna
Trog
Uskayaw
Vehumet
Xom
Yredelemnul

Annotations:
D:8 Maggie


Innate Abilities, Weirdness & Mutations

You have hoof-like feet.
You are partially covered in sharp spines.


Message History

The orc warrior is severely wounded.
The orc warrior hits you with a +0 halberd.
You hit the orc warrior but do no damage.
The orc warrior is severely wounded.
Maggie casts a spell.
Maggie attempts to bespell you!
You are mesmerised by Maggie!
The orc warrior barely misses you.
You barely miss the orc warrior.
The orc warrior is severely wounded.
The orc warrior is struck by your spines.
The orc warrior hits you but does no damage.
You slash the orc warrior!
You kill the orc warrior!
Maggie gestures wildly while chanting.
Maggie draws you further into her thrall.
You closely miss the orc priest.
Maggie hits you from afar with a +0 halberd!
The orc priest hits you with a +3 mace.
You slash the orc priest!
Lightning courses through the orc priest!
You kill the orc priest!
Maggie points at you and mumbles some strange words.
The bolt of fire hits you!
You feel very mighty all of a sudden. Maggie misses you.
Maggie casts a spell.
Maggie draws you further into her thrall.
Items here: )) [ ††.
You barely miss Maggie. Maggie is struck by your spines.
Maggie hits you with a +0 halberd!
* * * LOW HITPOINT WARNING * * *
You slash Maggie!
Maggie is moderately wounded.
Maggie is struck by your spines. Maggie hits you with a +0 halberd!
* * * LOW HITPOINT WARNING * * *
You feel better.
Maggie points at you and mumbles some strange words.
The bolt of fire hits you!!
You die...

#.#.....####.#
#.'.....# #.######
#.#.....####.......
##.##+#####.......#.
#.........#.......#.
#.#########.#.###...
#)##.....##.#.###.#.
#.##.....##.#>......
#..@.....+. #.#.#.#.
####@....## #.#.....
#.....# ......#.
......# #.###...
#.)..### ##.###...
#....# #........
#.)..# ###...##...
#####. ......##...
.. ....##...


You could see Maggie (mesmerising).

Vanquished Creatures
  Sigmund (D:3)
  An orc warrior (D:8)
  2 sky beasts (D:7)
  4 ice beasts
  3 centaurs
  A phantom (D:5)
  A gnoll sergeant (D:7)
  3 scorpions
  4 killer bees (D:8)
  An electric eel (D:7)
  A howler monkey (D:6)
  2 hounds
  2 jellies
  5 orc priests
  4 sleepcaps
  6 iguanas
  5 orc wizards
  3 gnolls (D:7)
  11 adders
  A shadow imp (D:6)
  2 white imps
  An ufetubus (D:5)
  A dart slug (D:3)
  28 orcs
  11 endoplasms
  2 giant cockroaches (D:1)
  5 goblins
  8 hobgoblins
  7 jackals (D:1)
  3 quokkas
  7 ball pythons
  4 bats
  6 frilled lizards
  3 kobolds
  3 rats
152 creatures vanquished.

Notes
Turn   | Place    | Note
-------+----------+-------------------------------------------
     0 | D:1      | mindmajick the Demonspawn Gladiator began the quest for the
                  | Orb.
     0 | D:1      | Reached XP level 1. HP: 16/16 MP: 1/1
   314 | D:1      | Gained mutation: You have large cloven feet. [demonic
                  | ancestry]
   314 | D:1      | Reached XP level 2. HP: 22/22 MP: 2/2
   320 | D:1      | Reached skill level 3 in Staves
   691 | D:1      | Gained mutation: You are partially covered in sharp spines.
                  | [demonic ancestry]
   691 | D:1      | Reached XP level 3. HP: 20/27 MP: 3/3
  1159 | D:2      | You fall into a shaft and drop 1 floor!
  1275 | D:2      | Identified a scroll of acquirement
  1275 | D:2      | Acquired a +4 lajatang of electrocution
  1318 | D:3      | Reached XP level 4. HP: 33/33 MP: 4/4
  1323 | D:3      | Reached skill level 1 in Armour
  1506 | D:3      | Found a burning altar of Makhleb.
  1574 | D:3      | Found an iron altar of Okawaru.
  1612 | D:3      | Noticed Sigmund
  1619 | D:3      | Killed Sigmund
  1620 | D:3      | Reached skill level 1 in Maces & Flails
  1620 | D:3      | Gained mutation: You have hoof-like feet. [demonic
                  | ancestry]
  1620 | D:3      | Reached XP level 5. HP: 34/39 MP: 5/5
  1649 | D:3      | Reached XP level 6. HP: 47/47 MP: 6/6
  1898 | D:4      | Reached skill level 4 in Staves
  2120 | D:4      | Acquired 592 gold pieces
  2455 | D:4      | Reached XP level 7. HP: 52/52 MP: 7/7
  2806 | D:4      | Found a sparkling altar of Nemelex Xobeh.
  2806 | D:4      | Found a transporter.
  2873 | D:5      | Entered Level 5 of the Dungeon
  2972 | D:5      | Reached skill level 5 in Staves
  3288 | D:5      | Reached skill level 1 in Stealth
  3288 | D:5      | Reached XP level 8. HP: 7/60 MP: 8/8
  3611 | D:5      | Reached skill level 6 in Staves
  4124 | D:6      | Found an ancient bone altar of Kikubaaqudgha.
  4141 | D:6      | Found a blossoming altar of Fedhas.
  4523 | D:6      | Noticed a +0 dagger
  4523 | D:6      | Noticed a +0 short sword
  4523 | D:6      | Noticed a +0 dagger
  4523 | D:6      | Noticed a +0 short sword
  4524 | D:6      | Noticed a +0 falchion
  4524 | D:6      | Noticed a +0 spear
  4525 | D:6      | Noticed a +0 falchion
  4526 | D:6      | Noticed a +0 spear
  4527 | D:6      | Found a hide-covered altar of Uskayaw.
  4527 | D:6      | Found a staircase to the Ecumenical Temple.
  4993 | Temple   | Entered the Ecumenical Temple
  5152 | Temple   | Became a worshipper of Ashenzari the Shackled
  5453 | D:7      | Found a hazy altar of Hepliaklqana.
  5507 | D:7      | Reached skill level 7 in Staves
  5574 | D:7      | Found an opulent altar of Gozag.
  5767 | D:7      | Found a stormy altar of Qazlal.
  5797 | D:7      | Reached XP level 9. HP: 66/66 MP: 9/9
  5810 | D:7      | Found a sacrificial altar of Ru.
  5811 | D:7      | Found a basalt altar of Yredelemnul.
  6363 | D:8      | Reached * piety under Ashenzari
  6462 | D:8      | Identified the +6 whip of Upheaval {flame, rF+ rN+++ Str-5
                  | Stlth-}
  6524 | D:8      | Reached skill level 1 in Spellcasting
  6553 | D:8      | Reached skill level 5 in Dodging
  6555 | D:8      | Noticed Maggie
  6571 | D:8      | Killed from afar by Maggie

Illustrated notes

Levels and vault maps discovered:
D:1:      psy_arrival_basics, layout_loops_cross, serial_park_tiny_1,
          minmay_misc_feat_rows, dk_noncrumbling_3, hangedman_decor_slide_cut
D:2:      layout_rooms
D:3:      minmay_diamond_boxcup, layout_basic, overflow_temple_1_default,
          okawaru_metal_pillars_1_2, old_standard_altar, uniq_sigmund
D:4:      kennysheep_spiral_hall, layout_loops_ring, grunt_nemelex_the_gamble
D:5:      layout_loops_ring, kennysheep_nondescript, nrook_campfire,
          corexii_corridor_pit
D:6:      layout_loops_ring, mainiacjoe_overflow_alcove_4,
          kennysheep_little_box, nicolae_uskayaw_en_pointe
D:7:      layout_cave_pools, elyvilon_altar_5, nicolae_overflow_two_pavilions,
          nicolae_overflow_hidden_temple, mainiacjoe_overflow_swirl
D:8:      layout_basic, uniq_maggie
Temple:   hellmonk_temple_flake

Skill      XL: |  1  2  3  4  5  6  7  8  9 |
---------------+----------------------------+-----
Dodging        | 3 4 5 |  5.1
Staves         | 3 4 5 7 |  7.9
Throwing       | 2 3 4 |  4.3
Armour         | 2 3 |  3.8
Maces & Flails | 1 |  1.1
Fighting       | 3 4 |  4.7
Stealth        | 1 2 |  2.1
Spellcasting   | 1 |  1.2

Action                     |  1- 3 |  4- 6 |  7- 9 || total
---------------------------+-------+-------+-------++-------
  Melee: Quarterstaff      |    26 |       |       ||    26
         Flail             |    47 |       |       ||    47
         Kick              |     8 |    13 |    16 ||    37
         Lajatang          |     3 |    49 |   132 ||   184
  Throw: Throwing net      |     2 |     2 |       ||     4
         Javelin           |       |     1 |     1 ||     2
         Boomerang         |       |       |    24 ||    24
 Invoke: Curse Item        |       |       |     2 ||     2
    Use: Scroll            |     2 |     6 |     7 ||    15
         Potion            |       |       |     2 ||     2
   Stab: Sleeping          |       |     2 |     5 ||     7
 Armour: Leather armour    |    39 |     6 |    35 ||    80
  Dodge: Dodged            |    76 |    28 |   105 ||   209

Table legend: (Time is in decaauts)
 A = Elapsed time spent in this place.
 B = Non-inter-level travel time spent in this place.
 C = Inter-level travel time spent in this place.
 D = Time resting spent in this place.
 E = Time spent auto-exploring this place.
 F = Levels seen in this place.
 G = Mean time per level.
                   A        B        C        D        E       F      G
               +--------+--------+--------+--------+--------+-----+--------+
         Total |   6608 |   6175 |    433 |    716 |   4161 |   9 |  734.2 |
       Dungeon |   6437 |   6023 |    414 |    716 |   4030 |   8 |  804.6 |
        Temple |    171 |    152 |     19 |      0 |    131 |   1 |  171.0 |
               +--------+--------+--------+--------+--------+-----+--------+

Top non-repeatable levels by time:
     D:5: 1123 daAuts
     D:4: 1051 daAuts
     D:6: 981 daAuts
     D:7: 858 daAuts
     D:1: 824 daAuts
     D:3: 627 daAuts
     D:8: 507 daAuts
     D:2: 464 daAuts
  Temple: 171 daAuts
